 Dungeon Crawl Stone Soup version 0.22.1-1-ga44c0e5 (webtiles) character file.

136 jerryfan the Magician (level 5, -1/40 HPs)
             Began as a Gnoll Wanderer on Oct 4, 2018.
             Slain by a worker ant (3 damage)
             ... on level 4 of the Dungeon.
             The game lasted 00:10:58 (3154 turns).

jerryfan the Magician (Gnoll Wanderer)              Turns: 3154, Time: 00:11:00

Health: -1/40      AC:  4    Str: 15    XL:     5   Next: 19%
Magic:  1/14       EV: 12    Int: 15    God:
Gold:   231        SH:  0    Dex: 14    Spells: 13/18 levels left

rFire    . . .     SeeInvis .   e - +0 club
rCold    . . .     Gourm    .   (no shield)
rNeg     . . .     Faith    .   d - +0 robe
rPois    .         Spirit   .   (no helmet)
rElec    .         Reflect  .   k - +1 cloak
rCorr    .         Harm     .   (no gloves)
MR       .....                  (no boots)
Stlth    ++........             (no amulet)
HPRegen  0.13/turn              (no ring)
MPRegen  0.14/turn              (no ring)

@: lethally poisoned (-1 -> -10), very slightly contaminated
A: distributed training, fangs 1, strong nose
a: no special abilities


You were on level 4 of the Dungeon.
You were not hungry.

You visited 1 branch of the dungeon, and saw 4 of its levels.

You collected 231 gold pieces.

Inventory:

Hand Weapons
 e - a +0 club (weapon)
Missiles
 g - 73 stones (quivered)
Armour
 d - a +0 robe (worn)
 k - a +1 cloak (worn)
 m - a +0 buckler
Jewellery
 b - an uncursed amulet of rage
 q - an uncursed ring of fire
Scrolls
 h - 3 scrolls of remove curse {unknown}
 i - a scroll of teleportation {unknown}
 l - 3 scrolls of identify
Potions
 a - a potion of berserk rage {unknown}
 c - a potion of lignification
 j - a potion of haste
 n - 2 potions of curing {unknown}
 o - a potion of mutation {unknown}
 p - a potion of heal wounds {unknown}
 s - a potion of agility {unknown}
Comestibles
 f - 10 rations


   Skills:
 + Level 2.9 Fighting
 + Level 1.3 Short Blades
 + Level 1.3 Long Blades
 + Level 1.3 Axes
 + Level 1.3 Maces & Flails
 + Level 1.3 Polearms
 + Level 1.3 Staves
 + Level 1.3 Slings
 + Level 1.3 Bows
 + Level 1.3 Crossbows
 + Level 1.3 Throwing
 + Level 4.7 Armour
 + Level 1.3 Dodging
 + Level 2.7 Stealth
 + Level 1.3 Shields
 + Level 1.3 Unarmed Combat
 + Level 7.2 Spellcasting
 + Level 1.1 Conjurations
 + Level 1.1 Hexes
 + Level 1.1 Charms
 + Level 1.1 Summonings
 + Level 1.1 Necromancy
 + Level 1.1 Translocations
 + Level 1.1 Transmutations
 + Level 1.1 Fire Magic
 + Level 1.1 Ice Magic
 + Level 1.1 Air Magic
 + Level 3.9 Earth Magic
 + Level 1.1 Poison Magic
 + Level 1.5 Invocations
 + Level 2.9 Evocations


You had 13 spell levels left.
You knew the following spells:

 Your Spells              Type           Power        Failure   Level  Hunger
a - Sandblast             Erth           ###...       2%          1    None
b - Freeze                Ice            #...         9%          1    None
c - Stone Arrow           Conj/Erth      ##....       14%         3    ##.....

Your spell library contained the following spells:

 Spells                   Type           Power        Failure   Level  Hunger
 Passwall                 Tmut/Erth      ##......     7%          2    None
 Ozocubu's Armour         Chrm/Ice       #.......     24%         3    ##.....
 Petrify                  Tmut/Erth      ##......     41%         4    ####...
 Lee's Rapid Deconstruct  Erth           ###.......   56%         5    #####..


Dungeon Overview and Level Annotations

Branches:
Dungeon (4/15)
 Temple: D:4-7

Altars:
Vehumet

Annotations:
D:3 exclusion: downstairs
D:4 exclusion: ogre


Innate Abilities, Weirdness & Mutations

Your experience applies equally to all skills.
You have very sharp teeth.
Your uncanny sense of smell can sniff out nearby items.


Message History

You hit the worker ant but do no damage.
The worker ant is almost dead.
The worker ant bites you.
You are more poisoned.
The worker ant poisons you!
You barely miss the worker ant.
The worker ant is almost dead.
You feel sick. The worker ant closely misses you.
The worker ant bites you but does no damage.
You hit the worker ant but do no damage.
The worker ant is almost dead.
You feel sick. The worker ant bites you.
* * * LOW HITPOINT WARNING * * *
You barely miss the worker ant.
The worker ant is almost dead.
* * * LOW HITPOINT WARNING * * *
You feel sick. The worker ant bites you!
* * * LOW HITPOINT WARNING * * *
The worker ant bites you.
You die...

...# ...#
...#
###+##...#
#........#
#........#
#........#
#...@a...#
##..##...#
#.. ..#
.... .#
..... #
.......
#######


You could see a worker ant.

Vanquished Creatures
  Jessica (D:3)
  3 adders
  An ooze (D:3)
  2 dart slugs
  2 leopard geckos
  5 orcs (D:3)
  A ball python (D:1)
  10 bats
  6 giant cockroaches
  9 hobgoblins
  3 jackals (D:1)
  6 kobolds
  4 frilled lizards
  6 goblins
  7 rats
  A fungus (D:1)
67 creatures vanquished.

Vanquished Creatures (others)
  A goblin (D:3)
1 creature vanquished.

Grand Total: 68 creatures vanquished

Notes
Turn   | Place    | Note
-------+----------+-------------------------------------------
     0 | D:1      | jerryfan the Gnoll Wanderer began the quest for the Orb.
     0 | D:1      | jerryfan set off with: a potion of lignification, a +0
                  | robe, a +0 club, a ration
     0 | D:1      | Reached XP level 1. HP: 17/17 MP: 8/8
     2 | D:1      | Learned a level 1 spell: Sandblast
     4 | D:1      | Learned a level 1 spell: Freeze
   138 | D:1      | Reached XP level 2. HP: 13/23 MP: 3/10
   742 | D:1      | Reached XP level 3. HP: 28/28 MP: 7/11
  1315 | D:1      | Reached skill level 1 in Invocations
  1473 | D:1      | Learned a level 3 spell: Stone Arrow
  1564 | D:2      | Reached skill level 1 in Short Blades
  1564 | D:2      | Reached skill level 1 in Long Blades
  1564 | D:2      | Reached skill level 1 in Axes
  1564 | D:2      | Reached skill level 1 in Maces & Flails
  1564 | D:2      | Reached skill level 1 in Polearms
  1564 | D:2      | Reached skill level 1 in Staves
  1564 | D:2      | Reached skill level 1 in Slings
  1564 | D:2      | Reached skill level 1 in Bows
  1564 | D:2      | Reached skill level 1 in Crossbows
  1564 | D:2      | Reached skill level 1 in Throwing
  1564 | D:2      | Reached skill level 1 in Dodging
  1564 | D:2      | Reached skill level 1 in Shields
  1564 | D:2      | Reached skill level 1 in Unarmed Combat
  1718 | D:2      | Reached XP level 4. HP: 34/34 MP: 9/13
  2388 | D:3      | Found a radiant altar of Vehumet.
  2602 | D:3      | Noticed Jessica
  2607 | D:3      | Killed Jessica
  2607 | D:3      | Reached skill level 1 in Conjurations
  2607 | D:3      | Reached skill level 1 in Hexes
  2607 | D:3      | Reached skill level 1 in Charms
  2607 | D:3      | Reached skill level 1 in Summonings
  2607 | D:3      | Reached skill level 1 in Necromancy
  2607 | D:3      | Reached skill level 1 in Translocations
  2607 | D:3      | Reached skill level 1 in Transmutations
  2607 | D:3      | Reached skill level 1 in Fire Magic
  2607 | D:3      | Reached skill level 1 in Ice Magic
  2607 | D:3      | Reached skill level 1 in Air Magic
  2607 | D:3      | Reached skill level 1 in Poison Magic
  2799 | D:3      | Reached XP level 5. HP: 40/40 MP: 4/14
  3123 | D:4      | Noticed an ogre
  3154 | D:4      | HP: 2/40 [worker ant (8)]
  3154 | D:4      | Slain by a worker ant

Skill      XL: |  1  2  3  4 |
---------------+-------------+-----
Invocations    | 1 |  1.5
Short Blades   | 1 |  1.3
Long Blades    | 1 |  1.3
Axes           | 1 |  1.3
Maces & Flails | 1 |  1.3
Polearms       | 1 |  1.3
Staves         | 1 |  1.3
Slings         | 1 |  1.3
Bows           | 1 |  1.3
Crossbows      | 1 |  1.3
Throwing       | 1 |  1.3
Dodging        | 1 |  1.3
Shields        | 1 |  1.3
Unarmed Combat | 1 |  1.3
Conjurations   | 1 |  1.1
Hexes          | 1 |  1.1
Charms         | 1 |  1.1
Summonings     | 1 |  1.1
Necromancy     | 1 |  1.1
Translocations | 1 |  1.1
Transmutations | 1 |  1.1
Fire Magic     | 1 |  1.1
Ice Magic      | 1 |  1.1
Air Magic      | 1 |  1.1
Poison Magic   | 1 |  1.1
Fighting       | |  2.9
Armour         | |  4.7
Stealth        | |  2.7
Spellcasting   | |  7.2
Earth Magic    | |  3.9
Evocations     | |  2.9

Action                   |  1- 3 |  4- 6 || total
-------------------------+-------+-------++-------
Melee: Club              |    90 |    19 ||   109
       Bite              |    17 |     1 ||    18
 Cast: Freeze            |    54 |     4 ||    58
       Stone Arrow       |     5 |    17 ||    22
       Sandblast         |       |     7 ||     7
  Use: Scroll            |     2 |     1 ||     3
       Potion            |     2 |       ||     2
 Stab: Sleeping          |     1 |     2 ||     3
  Eat: Chunk             |     3 |     5 ||     8
Armor: Robe              |    36 |     8 ||    44
       Skin              |     4 |       ||     4
Dodge: Dodged            |    94 |    17 ||   111
